 Dungeon Crawl Stone Soup version 0.29.1-12-g30fa7ad0bf (webtiles) character file.

Game seed: 11104463782820605136

1860 GeoRichter the Transmogrifier (level 9, 0/54 HPs)
             Began as an Octopode Transmuter on Dec 16, 2022.
             Was an Initiate of Gozag.
             Slain by a yak (13 damage)
             ... on level 6 of the Dungeon.
             The game lasted 00:16:25 (8074 turns).

GeoRichter the Transmogrifier (Octopode Transmuter) Turns: 8074, Time: 00:16:26

Health: 0/54       AC:  2    Str: 10    XL:     9   Next: 13%
Magic:  25/26      EV: 19    Int: 19    God:    Gozag
Gold:   357        SH:  0    Dex: 17    Spells: 12/18 levels left

rFire   . . .      SeeInvis .     - Unarmed
rCold   . . .      Faith    .   (shield currently unavailable)
rNeg    . . .      Spirit   .   (helmet currently unavailable)
rPois   x          Reflect  .   d - amulet of the acrobat
rElec   .          Harm     .   q - ring of willpower
rCorr   .          Rampage  .   c - ring of magical power
Will    +....                   (no ring)
Stlth   ++........              (no ring)
HPRegen 0.18/turn               (no ring)
MPRegen 0.20/turn               (no ring)
                                (no ring)
                                (no ring)

@: spider-form, gold aura
A: venomous fangs, almost no armour, (amphibious), 8 rings, tiny, (camouflage
1), (gelatinous body 1), (nimble swimmer 1), (tentacles)
a: End Transformation, Renounce Religion, Potion Petition, Call Merchant, Bribe
Branch


You were on level 6 of the Dungeon.
You worshipped Gozag.
Gozag was aware of your devotion.
You were a venomous arachnid creature.
You visited 2 branches of the dungeon, and saw 7 of its levels.

You collected 419 gold pieces.
You paid 62 gold pieces to Gozag.

Inventory:

Hand Weapons
 z - the +1 falchion of the Ancient Shrikes (melded) {vorpal, rC+ Str+3 Int+4}
   (You found it on level 6 of the Dungeon)

   It inflicts extra damage upon your enemies.
   Str:       It affects your strength (+3).
   Int:       It affects your intelligence (+4).
   rC:        It protects you from cold.
Jewellery
 c - a ring of magical power (right front leg)
   (You found it on level 6 of the Dungeon)
 d - an amulet of the acrobat (around neck)
   (You found it on level 2 of the Dungeon)
 q - a ring of willpower (left front leg)
   (You took it off a hobgoblin on level 4 of the Dungeon)
Wands
 w - a wand of iceblast (21)
   (You found it on level 5 of the Dungeon)
Scrolls
 a - a scroll of summoning {unknown}
 g - 4 scrolls of teleportation {@r4}
 h - a scroll of enchant armour {unknown}
 k - 2 scrolls of enchant weapon {unknown}
 l - a scroll of fear {unknown}
 m - a scroll of noise {unknown}
 n - a scroll of brand weapon {unknown}
 o - a scroll of immolation {unknown}
 p - a scroll of poison {unknown}
 t - a scroll of butterflies {unknown}
 y - 2 scrolls of blinking {unknown}
Potions
 b - 2 potions of brilliance
 e - 3 potions of invisibility
 f - 4 potions of haste {@q3}
 i - 2 potions of heal wounds {@q2}
 j - 5 potions of curing {@q1}
 r - a potion of might
 s - 3 potions of magic
 u - a potion of cancellation {unknown}
 x - a potion of mutation {unknown}


   Skills:
 - Level 2.0 Fighting
 - Level 2.1 Dodging
 - Level 4.6 Unarmed Combat
 + Level 5.4 Spellcasting
 * Level 8.1 Transmutations
 + Level 5.6 Poison Magic


You had 12 spell levels left.
You knew the following spells:

 Your Spells              Type           Power      Damage    Failure   Level
a - Beastly Appendage     Tmut           72%        N/A       3%          1
b - Wereblood             Tmut           36%        N/A       4%          2
c - Spider Form           Tmut/Pois      31%        N/A       9%          3

Your spell library contained the following spells:

 Spells                   Type           Power      Damage    Failure   Level
 Ice Form                 Ice/Tmut       20%        N/A       43%         4
 Stone Arrow              Conj/Erth      10%        3d7       56%         3
 Lehudib's Crystal Spear  Conj/Erth      2%         10d2      100%        8
 Animate Armour           Summ/Erth      Unusable   N/A       N/A         4

Dungeon Overview and Level Annotations

Branches:
Dungeon (6/15) Zot: 25241  Temple (1/1) D:5 Zot: 5899

Altars:
Ashenzari
Elyvilon
Fedhas
Gozag
Hepliaklqana
Kikubaaqudgha
Makhleb
Nemelex Xobeh
Okawaru
Qazlal
Ru
Sif Muna
Trog
Uskayaw
Wu Jian
Xom
Yredelemnul
Zin
The Shining One

Shops:
D:4 *   D:6 *


Innate Abilities, Weirdness & Mutations

You are a venomous arachnid creature.
You have poisonous fangs.
You are tiny and dextrous.
Your spellcasting is less reliable in this form.
Your armour is entirely melded.
You are incapable of wielding weapons or throwing items.
You cannot wear most types of armour.
((You are amphibious.))
You can wear up to eight rings at the same time.
((Your skin changes colour to match your surroundings (Stealth+).))
((Your rubbery body absorbs attacks. (AC +1, EV +1)))
((You are camouflaged when in or above water. (Stealth+)))
((You have tentacles for arms and can constrict up to eight enemies at once.))


Message History

Okay, then.
Okay, then.
The centaur wields a +0 shortbow.
The centaur shoots an arrow.
The arrow hits you!
There is an open gate, spattered with blood here.
The centaur shoots an arrow.
The arrow completely misses you.
You close the gate.
You start resting.
The centaur shoots an arrow.
The arrow hits you!
You hear a bellow!
The centaur unwields a +0 shortbow.
The centaur hits you.
* * * LOW HITPOINT WARNING * * *
The centaur kicks you.
* * * LOW HITPOINT WARNING * * *
The centaur completely misses you. The centaur barely misses you.
You turn into a venomous arachnid creature.
The +1 falchion of the Ancient Shrikes {vorpal, rC+ Str+3 Int+4} melds into your body.
The centaur closely misses you. x2
You bite the centaur!
The centaur is poisoned.
The centaur hits you.
* * * LOW HITPOINT WARNING * * *
The centaur kicks you.
* * * LOW HITPOINT WARNING * * *
You completely miss the centaur. The centaur misses you. x2
The centaur hits you.
* * * LOW HITPOINT WARNING * * *
The centaur kicks you but does no damage.
You hit the centaur.
The centaur looks as sick as possible!
The centaur barely misses you. The centaur completely misses you.
You hit the centaur.
You kill the centaur!
The yak misses you.
You hit the yak but do no damage. The yak gores you.
* * * LOW HITPOINT WARNING * * *
You hit the yak.
The yak is poisoned.
The yak gores you.
* * * LOW HITPOINT WARNING * * *
You hit the yak but do no damage.
The yak looks as sick as possible!
You hit the yak but do no damage.
The yak looks as sick as possible!
The yak barely misses you.
You hit the yak. The yak closely misses you.
You barely miss the yak. The yak barely misses you.
You hit the yak but do no damage.
The yak looks as sick as possible!
The yak closely misses you.
You hit the yak but do no damage.
The yak looks as sick as possible!
The yak misses you.
You hit the yak but do no damage.
The yak looks as sick as possible!
The yak closely misses you.
You hit the yak. The yak completely misses you.
You hit the yak. The yak gores you!
You die...
Your body crumbles into a pile of gold.

.##....# #.#
#.....##.##.##.#.
.....###
#.####.######.##.##.##
.###.####
#.....##...##..#.##.##
.# #....#
#.#####..c..####.#....
.# #.####
#.####.......#........
## #.#
#....#...∩...#........
#.#
#.####Y......#####.###
###.#######.#####.....##
#.#
#..............s##...#
#.#
#.#.#######.###Y$#+++#
#.# #.#.# #.# ##.....#
#.# #.#.# #.# #######
#.# #.#.# #.# #.# #...#
#.# #.# ###.# #.# ###
#.# #.# ### ###


You could see a yak (extremely poisoned).

Vanquished Creatures
  Grinder (D:4)
  Sigmund (D:2)
  2 black bears (D:6)
  3 centaurs (D:6)
  A necrophage (D:6)
  4 scorpions
  Crazy Yiuf (D:4)
  7 hounds
  4 jellies
  3 orc priests
  4 iguanas
  11 adders
  A shadow imp (D:6)
  A white imp (D:5)
  2 ufetubi
  5 worms
  7 orcs
  14 ball pythons
  4 endoplasms
  2 giant cockroaches
  9 goblins
  8 hobgoblins
  4 kobolds
  4 quokkas
  4 bats
  2 frilled lizards
  7 rats
116 creatures vanquished.

Notes
Turn   | Place    | Note
-------+----------+-------------------------------------------
     0 | D:1      | GeoRichter the Octopode Transmuter began the quest for the
                  | Orb.
     0 | D:1      | Reached XP level 1. HP: 13/13 MP: 3/3
     5 | D:1      | You fall into a shaft and drop 1 floor!
   320 | D:2      | Reached XP level 2. HP: 12/18 MP: 3/5
   465 | D:2      | Noticed Sigmund
  1192 | D:1      | Reached XP level 3. HP: 10/23 MP: 4/6
  1490 | D:1      | Learned a level 2 spell: Wereblood
  1494 | D:1      | Learned a level 3 spell: Spider Form
  1833 | D:1      | Found a faded altar of an unknown god.
  2121 | D:2      | Killed Sigmund
  2122 | D:2      | Reached skill level 3 in Transmutations
  2122 | D:2      | Reached XP level 4. HP: 29/29 MP: 4/8
  2122 | D:2      | Reached XP level 5. HP: 34/34 MP: 4/9
  3017 | D:3      | Reached XP level 6. HP: 39/39 MP: 10/10
  3263 | D:3      | Found a glowing golden altar of the Shining One.
  3267 | D:3      | Reached skill level 4 in Transmutations
  3520 | D:3      | Found a sacrificial altar of Ru.
  3539 | D:3      | Found a stormy altar of Qazlal.
  3629 | D:3      | Reached skill level 1 in Poison Magic
  3854 | D:4      | Found an ancient bone altar of Kikubaaqudgha.
  4211 | D:4      | Identified the +5 trident of Lies {vamp, rC+ Dex+6}
  4244 | D:4      | Reached XP level 7. HP: 26/45 MP: 9/12
  4396 | D:4      | Reached skill level 5 in Transmutations
  4512 | D:4      | Noticed Grinder
  4563 | D:4      | Killed Grinder
  4777 | D:4      | Found a runed translucent door.
  4778 | D:4      | Noticed Crazy Yiuf
  4808 | D:4      | Found Zovep's General Store.
  4877 | D:4      | Killed Crazy Yiuf
  5182 | D:5      | Entered Level 5 of the Dungeon
  5337 | D:5      | Reached skill level 6 in Transmutations
  5337 | D:5      | Reached XP level 8. HP: 49/50 MP: 12/14
  5453 | D:5      | Found a staircase to the Ecumenical Temple.
  5458 | Temple   | Entered the Ecumenical Temple
  5547 | Temple   | Became a worshipper of Gozag Ym Sagoz the Greedy
  6554 | D:6      | Identified the +1 falchion of the Ancient Shrikes {vorpal,
                  | rC+ Str+3 Int+4}
  6653 | D:6      | Reached skill level 7 in Transmutations
  6966 | D:6      | Reached skill level 5 in Spellcasting
  6966 | D:6      | Reached skill level 5 in Poison Magic
  7149 | D:6      | Reached XP level 9. HP: 44/54 MP: 16/16
  7720 | D:6      | Found Etwoprad's General Store.
  7720 | D:6      | Noticed a hornet
  7831 | D:6      | Reached skill level 8 in Transmutations
  8074 | D:6      | Slain by a yak

Illustrated notes

Levels and vault maps discovered:
D:1:      psy_arrival_whirlpool, layout_loops_corners,
          ebering_ecumenical_altar_webs, chequers_serial_rivers_micro_a
D:2:      layout_loops_ring, minmay_pentomino_v2, uniq_sigmund
D:3:      layout_basic, tso_metal_star, gammafunk_temple_overflow_statue,
          nicolae_figureground_sparkle
D:4:      minmay_diamond_boxcup, layout_rooms, mainiacjoe_overflow_tiny_flanked,
          serial_shops, shop, uniq_grinder, uniq_crazy_yiuf_cottage
D:5:      layout_basic, temple_doors_e, dk_noncrumbling_4, chequers_mini_garden
D:6:      layout_basic, corner_web_ring, kennysheep_windowed_goal
Temple:   nicolae_temple_superstar

Skill      XL: |  1  2  3  4  5  6  7  8  9 |
---------------+----------------------------+-----
Fighting       | 2 |  2.0
Unarmed Combat | 4 |  4.6
Transmutations | 3 4 6 7 8 |  8.1
Spellcasting   | 3 4 5 |  5.4
Poison Magic   | 2 3 5 |  5.6
Dodging        | |  2.1

Action                   |  1- 3 |  4- 6 |  7- 9 || total
-------------------------+-------+-------+-------++-------
Melee: Unarmed           |    49 |    74 |   157 ||   280
       Constrict         |    13 |    23 |     9 ||    45
       Kick              |     9 |    24 |     4 ||    37
       Tentacles         |     6 |    12 |     9 ||    27
       Punch             |       |     2 |     1 ||     3
       Trident           |       |    10 |    23 ||    33
 Cast: Beastly Appendage |    16 |    21 |     7 ||    44
       Wereblood         |     1 |     5 |     2 ||     8
       Spider Form       |       |       |    20 ||    20
Evoke: Wand              |       |       |     1 ||     1
  Use: Potion            |     1 |       |       ||     1
       Scroll            |       |       |     7 ||     7
 Stab: Sleeping          |     7 |     8 |     3 ||    18
       Distracted        |       |       |     1 ||     1
Armor: Skin              |     3 |     4 |    10 ||    17
Dodge: Dodged            |    24 |    46 |   153 ||   223
